Map: Tours du crépuscule

Players

pupu

  • Race: Protoss Protoss
  • League: Silver

BattleToad - Winner!

  • Race: Protoss Protoss
  • League: Silver

VOD

Have the link to the VOD?

Description

Time

  • Played on: April 4, 2016, 12:24 p.m.
  • Length: 11:26
Show
View Real Time Build Order
Export as new Build Order

pupu Protoss 

Build Orders:  

Get SALT Encoding   

  12  0:01  Probe (Chrono Boost)  
  13  0:11  Probe (Chrono Boost)  
  14  0:18  Pylon  
  14  0:22  Probe (Chrono Boost)  
  15  0:37  Probe (Chrono Boost)  
  15  0:39  Gateway  
  16  0:47  Probe (Chrono Boost)  
  16  0:49  Assimilator  
  17  0:58  Probe (Chrono Boost)  
  17  1:03  Assimilator  
  18  1:08  Probe (Chrono Boost)  
  19  1:18  Pylon  
  19  1:19  Probe (Chrono Boost)  
  20  1:28  Cybernetics Core  
  20  1:30  Zealot  
  22  1:36  Probe (Chrono Boost)  
  23  1:46  Probe (Chrono Boost)  
  24  1:57  Probe (Chrono Boost), Gateway  
  25  2:02  Pylon  
  25  2:09  Robotics Facility  
  25  2:15  Probe (Chrono Boost)  
  25  2:17  Warp Gate (Chrono Boost)  
  25  2:22  Adept  
  28  2:35  Gateway  
  28  2:37  Probe  
  29  2:55  Gateway  
  29  2:58  Pylon  
  29  3:00  Observer  
  29  3:01  Pylon  
  29  3:02  Probe  
  31  3:12  Pylon  
  31  3:15  Stalker  
  32  3:43  Stalker x3  
  36  4:11  Probe  
  37  4:32  Stalker x2  
  37  4:35  Stalker  
  43  4:43  Pylon  
  41  5:04  Forge  
  43  5:07  Mothership Core  
  43  5:15  Sentry  
  43  5:16  Stalker x2  
  49  5:23  Stalker  
  51  5:43  Immortal (Chrono Boost)  
  55  6:06  Nexus  
  55  6:18  Warp Prism (Chrono Boost)  
  57  6:38  Protoss Ground Weapons Level 1 (Chrono Boost)  
  57  6:44  Probe  
  58  6:56  Immortal  
  62  7:22  Zealot x4  
  70  7:43  Stalker x4  
  72  8:10  Stalker x3  
  78  8:27  Pylon  
  78  8:30  Pylon  
  78  8:32  Pylon  
  78  8:53  Zealot x4  
  55  9:24  Zealot  
  55  9:25  Zealot x3  
  35  10:00  Zealot x4  
  33  10:17  Probe  
  33  10:18  Probe  
  29  10:28  Probe  
  29  10:30  Probe  
  31  10:37  Assimilator  
  31  10:38  Probe  
  32  10:56  Zealot x3  
  33  11:17  Zealot x3  
  33  11:18  Zealot  
Show
View Real Time Build Order
Export as new Build Order

BattleToad Protoss - Winner!

Build Orders: Double Forge 

Get SALT Encoding   

  12  0:01  Probe (Chrono Boost)  
  13  0:14  Pylon  
  13  0:18  Probe (Chrono Boost)  
  14  0:28  Probe (Chrono Boost)  
  15  0:33  Gateway  
  15  0:39  Probe (Chrono Boost)  
  16  0:47  Assimilator  
  16  0:49  Probe (Chrono Boost)  
  17  1:00  Probe (Chrono Boost)  
  17  1:01  Assimilator  
  18  1:10  Probe (Chrono Boost)  
  19  1:17  Pylon  
  19  1:21  Probe (Chrono Boost)  
  19  1:25  Cybernetics Core  
  20  1:31  Probe (Chrono Boost)  
  21  1:42  Gateway  
  20  2:01  Warp Gate (Chrono Boost)  
  20  2:15  Nexus  
  20  2:17  Mothership Core  
  22  2:31  Adept  
  24  2:38  Probe  
  25  2:49  Adept  
  25  2:50  Probe  
  28  2:56  Gateway  
  28  2:59  Gateway  
  28  3:11  Pylon  
  28  3:15  Probe  
  29  3:27  Probe x2  
  31  3:38  Probe  
  31  3:39  Probe  
  33  3:51  Probe  
  34  4:05  Adept x2  
  34  4:06  Adept  
  40  4:17  Forge  
  40  4:18  Forge  
  40  4:21  Robotics Facility  
  40  4:25  Twilight Council  
  40  4:27  Probe  
  40  4:28  Probe  
  42  4:35  Pylon  
  42  4:40  Pylon  
  42  4:43  Protoss Ground Armor Level 1 (Chrono Boost)  
  42  4:56  Protoss Ground Weapons Level 1 (Chrono Boost), Stalker  
  42  4:58  Stalker  
  46  5:08  Gateway  
  46  5:13  Blink (Chrono Boost)  
  46  5:20  Warp Prism  
  48  5:25  Assimilator  
  48  5:26  Probe  
  49  5:29  Probe  
  50  5:38  Probe  
  50  5:41  Probe  
  52  5:51  Pylon  
  52  5:52  Gateway  
  52  5:55  Stalker x2  
  56  6:14  Immortal (Chrono Boost)  
  56  6:15  Stalker x3  
  66  6:27  Protoss Ground Armor Level 2 (Chrono Boost)  
  66  6:52  Observer  
  67  6:54  Assimilator  
  67  6:57  Pylon  
  67  6:58  Pylon  
  67  7:04  Resonating Glaives (Chrono Boost)  
  67  7:10  Zealot  
  67  7:12  Zealot  
  67  7:13  Zealot x2  
  67  7:14  Zealot  
  77  7:32  Zealot  
  77  7:33  Zealot  
  79  7:47  Stalker x3  
  73  8:18  Protoss Ground Weapons Level 2 (Chrono Boost)  
  73  8:20  Nexus  
  73  8:22  Immortal  
  73  8:24  Pylon  
  73  8:27  Pylon  
  77  8:30  Pylon  
  77  8:35  Robotics Facility  
  77  8:40  Probe x2  
  79  8:52  Probe x2  
  81  9:02  Dark Shrine  
  79  9:12  Adept x3  
  79  9:13  Adept  
  67  9:25  Adept  
  67  9:26  Adept  
  62  9:38  Immortal  
  63  9:43  Probe  
  64  10:12  Probe  
  64  10:14  Probe  
  61  10:23  Probe (Chrono Boost)  
  61  10:26  Probe (Chrono Boost)  
  63  10:35  Probe (Chrono Boost)  
  64  10:37  Probe (Chrono Boost)  
  65  10:45  Probe (Chrono Boost)  
  65  10:48  Probe (Chrono Boost)  
  67  10:56  Probe (Chrono Boost)  
  68  10:58  Probe (Chrono Boost)  
  69  11:07  Probe (Chrono Boost)  
Tags
 
Add a new tag
Caveats
  • Supply blocks, unpowered buildings, or Contaminate may cause inaccurate times.
  • Supply counts are checked every 10 seconds.